 Dungeon Crawl Stone Soup version 0.28.0 (webtiles) character file.

Game seed: 12233928291141376880

98 Hasart the Insei (level 4, 0/29 HPs)
             Began as an Octopode Transmuter on Feb 15, 2022.
             Slain by an orc wizard (1 damage)
             ... on level 2 of the Dungeon.
             The game lasted 00:02:42 (2554 turns).

Hasart the Insei (Octopode Transmuter)              Turns: 2554, Time: 00:02:43

Health: 0/29       AC:  1    Str:  9    XL:     4   Next: 71%
Magic:  5/7        EV: 13    Int: 17    God:
Gold:   47         SH:  0    Dex: 14    Spells: 1/7 levels left

rFire   . . .      SeeInvis .     - Unarmed
rCold   . . .      Faith    .   (no shield)
rNeg    . . .      Spirit   .   (helmet currently unavailable)
rPois   .          Reflect  .   g - amulet "Urphil" {Acrobat Dex+2}
rElec   .          Harm     .   (no ring)
rCorr   .          Rampage  .   (no ring)
Will    .....                   (no ring)
Stlth   ++........              (no ring)
HPRegen 0.09/turn               (no ring)
MPRegen 0.10/turn               (no ring)
                                (no ring)
                                (no ring)

@: appendages (expiring), wereblooded
A: tentacle spike 3, almost no armour, amphibious, 8 rings, camouflage 1,
gelatinous body 1, (nimble swimmer 1), tentacles
a: End Transformation


You were on level 2 of the Dungeon.
One of your tentacles had grown a beastly spike.
You visited 1 branch of the dungeon, and saw 3 of its levels.

You collected 47 gold pieces.

Inventory:

Jewellery
 g - the amulet "Urphil" (around mantle) {Acrobat Dex+2}
   (You found it on level 2 of the Dungeon)

   [amulet of the acrobat]

   It increases your evasion while moving and waiting.
   Dex:       It affects your dexterity (+2).
Scrolls
 b - a scroll of immolation {unknown}
 h - a scroll of identify {unknown}
 i - a scroll of noise {unknown}
 j - a scroll of summoning {unknown}
Potions
 a - a potion of lignification {unknown}
 c - 2 potions of curing {unknown}
 d - a potion of attraction {unknown}
 e - a potion of cancellation {unknown}
 f - a potion of haste {unknown}


   Skills:
 + Level 1.9 Fighting
 + Level 2.6 Dodging
 * Level 3.9 Unarmed Combat
 + Level 2.4 Spellcasting
 + Level 2.5 Transmutations
 + Level 0.0 Poison Magic


You had one spell level left.
You knew the following spells:

 Your Spells              Type           Power      Damage    Failure   Level
a - Beastly Appendage     Tmut           20%        N/A       7%          1
b - Wereblood             Tmut           10%        N/A       10%         2
c - Spider Form           Tmut/Pois      6%         N/A       32%         3

Your spell library contained the following spells:

 Spells                   Type           Power      Damage    Failure   Level
 Sandblast                Erth           4%         2d4       19%         1
 Passwall                 Tmut/Erth      5%         N/A       17%         2
 Stone Arrow              Conj/Erth      4%         3d7       50%         3
 Ice Form                 Ice/Tmut       6%         N/A       73%         4


Dungeon Overview and Level Annotations

Branches:
Dungeon (3/15)

Altars:
Yredelemnul

Shops:
D:1 [


Innate Abilities, Weirdness & Mutations

One of your tentacles has grown a beastly spike.
You cannot wear most types of armour.
You are amphibious.
You can wear up to eight rings at the same time.
Your skin changes colour to match your surroundings (Stealth+).
Your rubbery body absorbs attacks. (AC +1, EV +1)
((You are camouflaged when in or above water. (Stealth+)))
You have tentacles for arms and can constrict up to eight enemies at once.


Message History

Items here: )) [ †.
You tentacle-slap the orc wizard. You grab the orc wizard.
You pierce the orc wizard.
You squeeze the orc wizard, but do no damage.
The orc wizard is heavily wounded.
You constrict the orc wizard.
The orc wizard hits you with a +0 dagger.
The orc closely misses you.
You tentacle-slap the orc wizard.
The orc wizard is severely wounded.
You howl as the wereblood boils in your veins!
You constrict the orc wizard.
The orc wizard gestures at you while chanting.
The puff of flame hits you!
* * * LOW HITPOINT WARNING * * *
The orc misses you.
You are too injured to fight recklessly!
You are too injured to fight recklessly!
Unknown command.
You release your grip on the orc wizard.
The orc wizard gestures wildly while chanting.
The orc wizard flickers and vanishes!
The orc completely misses you.
There is a stone staircase leading up here.
Unknown command.
Something hits you.
* * * LOW HITPOINT WARNING * * *
You hear some strange, mumbled words.
The orc misses you.
You climb upwards.
Reactivating autopickup.
There is a stone staircase leading down here.
You start resting.
Something barely misses you.
There is a strange disturbance nearby!
Deactivating autopickup; reactivate with Ctrl-A.
You tentacle-slap something.
You pierce something.
You howl as the wereblood boils in your veins!
Something hits you.
* * * LOW HITPOINT WARNING * * *
You tentacle-slap something. You squeeze something. Something hits you.
You die...

#.# #.# #.# #.##
#########.### #.#
...###...........# #.#
....##.#######.#.#######.#
.....#.## ##.............#
........###....#.#########
.......).).....#.#
.........##...##.#
.............###@#
........(##### #{#
.<......## #.#
#......#########.#
##...#...........#
....############## #####


There were no monsters in sight!

Vanquished Creatures
  A hound (D:2)
  2 adders (D:2)
  A worm (D:2)
  A dart slug (D:2)
  2 orcs (D:3)
  6 ball pythons
  4 endoplasms
  A giant cockroach (D:1)
  3 goblins
  4 hobgoblins (D:2)
  3 jackals (D:2)
  A quokka (D:1)
  6 bats
  2 frilled lizards
  3 kobolds
  3 rats (D:2)
43 creatures vanquished.

Notes
Turn   | Place    | Note
-------+----------+-------------------------------------------
     0 | D:1      | Hasart the Octopode Transmuter began the quest for the Orb.
     0 | D:1      | Reached XP level 1. HP: 13/13 MP: 3/3
   225 | D:1      | Found a faded altar of an unknown god.
   243 | D:1      | Found Getiaclu's Antique Armour Shoppe.
   312 | D:1      | Reached XP level 2. HP: 18/18 MP: 5/5
  1255 | D:2      | Reached XP level 3. HP: 19/23 MP: 6/6
  1258 | D:2      | Learned a level 2 spell: Wereblood
  1262 | D:2      | Learned a level 3 spell: Spider Form
  1402 | D:2      | Reached XP level 4. HP: 10/29 MP: 7/7
  2034 | D:2      | Identified the amulet "Urphil" {Acrobat Dex+2}
  2473 | D:2      | Found a basalt altar of Yredelemnul.
  2550 | D:3      | HP: 1/29 [something (2)]
  2554 | D:2      | Slain by an orc wizard

Illustrated notes

Levels and vault maps discovered:
D:1:      noname_arrival_rooms_in_the_neighbourhood, layout_basic,
          chequers_ecumenical_altar_twisty, serial_shops, shop
D:2:      layout_loops_ring, basic_altar
D:3:      layout_loops_ring, nicolae_concentric_dashed_squares_wild,
          minmay_misc_feat_x, roderic_serpentine_path

Action                   |  1- 3 |  4- 6 || total
-------------------------+-------+-------++-------
Melee: Unarmed           |    73 |    43 ||   116
       Constrict         |    17 |    12 ||    29
       Tentacles         |    14 |     7 ||    21
       Kick              |     3 |     9 ||    12
       Punch             |     2 |       ||     2
 Cast: Beastly Appendage |     1 |     3 ||     4
       Wereblood         |     1 |     1 ||     2
 Stab: Sleeping          |     3 |     2 ||     5
Armor: Skin              |     4 |     3 ||     7
Dodge: Dodged            |    41 |    39 ||    80
